 Dungeon Crawl Stone Soup version 0.31-a0-833-gc15d34cb79 (webtiles) character file.

Game seed: 9360881082535507750

105 Kurtz the Chopper (level 4, -2/31 HPs)
             Began as an Octopode Fighter on Sept 25, 2023.
             Slain by an orc
             ... wielding a +0 mace
              (6 damage)
             ... on level 3 of the Dungeon.
             The game lasted 00:01:27 (1756 turns).

Kurtz the Chopper (Octopode Fighter)                Turns: 1756, Time: 00:01:28

Health: -2/31      AC:  1    Str: 15    XL:     4   Next: 81%
Magic:  4/4        EV: 13    Int: 10    God:
Gold:   89         SH:  4    Dex: 13    Spells: 3/3 levels left

rFire   . . .        a - +0 war axe
rCold   . . .        b - +0 buckler
rNeg    . . .        (helmet restricted)
rPois   .            (no amulet)
rElec   .            (no ring)
rCorr   .            (no ring)
SInv    .            (no ring)
Will    .....        (no ring)
Stlth   ++           (no ring)
HPRegen 0.25/turn    (no ring)
MPRegen 0.09/turn    (no ring)
                     (no ring)

%: no passive effects
@: mighty
A: almost no armour, amphibious, 8 rings, camouflage 1, gelatinous body 1,
(nimble swimmer 1), tentacles
a: no special abilities


You were on level 3 of the Dungeon.
You visited 1 branch of the dungeon, and saw 4 of its levels.

You collected 89 gold pieces.

Inventory:

Hand Weapons
 a - a +0 war axe (weapon)
Missiles
 l - 5 javelins
 q - 2 datura-tipped darts
Armour
 b - a +0 buckler (worn)
Jewellery
 i - a ring of ice
 m - a ring of wizardry
 o - an amulet of faith
Scrolls
 d - a scroll of acquirement {unknown}
 e - 2 scrolls of enchant weapon {unknown}
 f - 2 scrolls of enchant armour {unknown}
 g - a scroll of noise {unknown}
 h - a scroll of immolation {unknown}
Potions
 j - a potion of brilliance {unknown}
 k - a potion of heal wounds {unknown}
 n - 2 potions of ambrosia {unknown}
 p - a potion of mutation {unknown}


   Skills:
 - Level 3.0 Fighting
 * Level 4.8 Axes
 - Level 3.0 Dodging
 - Level 3.0 Shields


You had 3 spell levels left.
You didn't know any spells.
Your spell library contained the following spells:

 Spells                   Type           Power      Damage    Failure   Level
 Foxfire                  Conj/Fire      0%         2x1d4     45%         1
 Tukima's Dance           Hex            0%         N/A       83%         3
 Passage of Golubria      Tloc           0%         N/A       99%         4
 Yara's Violent Unravell  Hex/Tmut       0%         3d3       100%        5
 Plasma Beam              Fire/Air       0%         2x1d10    100%        6
 Starburst                Conj/Fire      0%         6d3       100%        6


Dungeon Overview and Level Annotations

Branches:
Dungeon (4/15)
 Temple: D:4-7

Altars:
Cheibriados
Zin

Shops:
D:1 ????

Annotations:
D:3 exclusion: downstairs
D:4 Ijyb


Innate Abilities, Weirdness & Mutations

You cannot wear most types of armour.
You are amphibious.
You can wear up to eight rings at the same time.
Your skin changes colour to match your surroundings (Stealth+).
Your rubbery body absorbs attacks. (AC +1, EV +1)
((You are camouflaged when in or above water. (Stealth+)))
You have tentacles for arms and can constrict up to eight enemies at once.


Message History

There is a stone staircase leading down here.
You climb downwards.
You hear the sound of rushing water.
There is an entrance to a sewer on this level.
Hurry and find it before the portal rusts away!
The orc priest shouts!
The orc shouts!
You hear a shout!
There is a stone staircase leading up here.
A scorpion comes into view.
Found a fizzy puce potion.
The ogre shouts!
The scorpion moves out of view.
Ijyb the Twisted Goblin comes into view.
She is wielding a +0 club and carrying a wand of flame.
Found a stone staircase leading down.
The orc priest closely misses you.
You hit the orc priest. Your grab misses the orc priest.
The orc priest is heavily wounded.
The orc priest barely misses you.
An orc comes into view. It is wielding a +0 dagger.
Ijyb screams, "I no like you!" The orc priest hits you with a +0 whip.
An orc wizard comes into view. It is wielding a +1 dagger of speed.
The gnoll shouts!
There is a stone staircase leading up here.
HP restored.
The ogre hits you with a +0 giant club!!
Ouch! That really hurt!
The orc wizard mumbles some strange words.
The orc wizard flickers and vanishes!
Deactivating autopickup; reactivate with Ctrl-A.
The orc hits you with a +0 mace!
* * * LOW HITPOINT WARNING * * *
You climb upwards.
Level annotation: exclusion: downstairs Reactivating autopickup.
There is a stone staircase leading down here.
Unknown command.
You feel very mighty all of a sudden. The orc closely misses you.
Unknown command.
You barely miss the ogre. You closely miss the orc.
The ogre closely misses you. The orc hits you with a +0 mace.
You die...

.# #.#...#.##.# .#
#.##..#.##.# .#
#.##....##.# .#
#.##.#####.# .# #####
#.##.# #.# .#
###...####.##.#####.####
####......#...............#
............####O########.#
........#.### #@# #.#
....~.....# #o#### #.#
.........## #....# #.#
.~~......# #..#.# #.#
.~~....### ##...# #.#
.......#### ##.## #.#
....~.....# ####.### #.#
........#.#####......# #.#
...................(.####.#


You could see an ogre and an orc.

Vanquished Creatures
  A jelly (D:3)
  An orc wizard (D:3)
  An adder (D:2)
  4 orcs (D:3)
  2 bats
  3 endoplasms (D:3)
  3 giant cockroaches
  5 goblins
  2 hobgoblins (D:1)
  3 jackals (D:1)
  2 quokkas (D:3)
  A ball python (D:3)
  2 frilled lizards
  5 kobolds
  A rat (D:3)
36 creatures vanquished.

Notes
Turn   | Place    | Note
-------+----------+-------------------------------------------
     0 | D:1      | Kurtz the Octopode Fighter began the quest for the Orb.
     0 | D:1      | Reached XP level 1. HP: 16/16 MP: 1/1
   268 | D:1      | Found Waetwiss's Magic Scroll Boutique.
   284 | D:1      | Found Ikhlia Urid's Magic Scroll Shoppe.
   306 | D:1      | Reached XP level 2. HP: 17/21 MP: 2/2
   317 | D:1      | Reached skill level 3 in Axes
   440 | D:1      | Found Uruq's Magic Scroll Boutique.
   443 | D:1      | Found Adae's Magic Scroll Shoppe.
   692 | D:2      | Reached XP level 3. HP: 26/26 MP: 3/3
   714 | D:2      | You fall into a shaft and drop 1 floor!
   892 | D:3      | Reached skill level 4 in Axes
   892 | D:3      | Reached XP level 4. HP: 20/31 MP: 4/4
  1424 | D:3      | Found a faded altar of an unknown god.
  1444 | D:3      | Found a snail-covered altar of Cheibriados.
  1444 | D:3      | Found a glowing silver altar of Zin.
  1726 | D:4      | Noticed an ogre
  1748 | D:4      | Noticed a scorpion
  1749 | D:4      | Noticed Ijyb
  1756 | D:3      | Slain by an orc

Illustrated notes

Levels and vault maps discovered:
D:1:      nagdon_arrival_zigzag_paths, layout_rooms, serial_shops, shop,
          nicolae_shop_just_a_little_nook, nicolae_shop_real_fake_doors, shop
D:2:      layout_basic, kennysheep_generic_room_11
D:3:      layout_loops_ring, grunt_temple_overflow_open,
          dreamdust_ecumenical_altar_statues, skrybe_limestone_x
D:4:      layout_cave_pools, gup_sewer_entry_bowl, uniq_eustachio, uniq_ijyb

Skill      XL: |  1  2  3 |
---------------+----------+-----
Axes           | 3 4 |  4.8
Fighting       | |  3.0
Dodging        | |  3.0
Shields        | |  3.0

Action                     |  1- 3 |  4- 6 || total
---------------------------+-------+-------++-------
  Melee: War axe           |    50 |    17 ||    67
         Constrict         |    13 |     4 ||    17
         Tentacles         |    10 |     1 ||    11
    Use: Potion            |       |     1 ||     1
   Stab: Sleeping          |     4 |     2 ||     6
         Distracted        |     1 |       ||     1
 Armour: Skin              |    17 |    10 ||    27
  Dodge: Dodged            |    25 |     9 ||    34
  Block: Buckler           |     7 |     5 ||    12

Table legend: (Time is in decaauts)
 A = Elapsed time spent in this place.
 B = Non-inter-level travel time spent in this place.
 C = Inter-level travel time spent in this place.
 D = Time resting spent in this place.
 E = Time spent auto-exploring this place.
 F = Levels seen in this place.
 G = Mean time per level.
                   A        B        C        D        E       F      G
               +--------+--------+--------+--------+--------+-----+--------+
         Total |   1780 |   1611 |    169 |    287 |   1078 |   4 |  445.0 |
       Dungeon |   1780 |   1611 |    169 |    287 |   1078 |   4 |  445.0 |
               +--------+--------+--------+--------+--------+-----+--------+

Top non-repeatable levels by time:
     D:3: 1047 daAuts
     D:1: 685 daAuts
     D:2: 39 daAuts
     D:4: 8 daAuts
